 Dungeon Crawl Stone Soup version 0.31-a0-876-gfe8ebadbca (webtiles) character file.

Game seed: 2149054483347934791

1850 croobank the Sneak (level 9, -4/58 HPs)
             Began as an Octopode Fire Elementalist on Oct 14, 2023.
             Was an Initiate of Gozag.
             Asphyxiated
             ... on level 6 of the Dungeon.
             The game lasted 00:16:37 (5417 turns).

croobank the Sneak (Octopode Fire Elementalist)     Turns: 5417, Time: 00:16:38

Health: -4/58      AC:  1    Str:  8    XL:     9   Next: 12%
Magic:  19/24      EV: 15    Int: 19    God:    Gozag
Gold:   39         SH:  0    Dex: 14    Spells: 6/16 levels left

rFire   . . .        n - +1 quick blade (protect)
rCold   + . .        (no shield)
rNeg    . . .        (helmet restricted)
rPois   .            (no amulet)
rElec   .            d - ring of magical power
rCorr   .            t - ring of protection from cold
SInv    .            (no ring)
Will    +....        (no ring)
Stlth   ++++         (no ring)
HPRegen 0.29/turn    (no ring)
MPRegen 0.19/turn    (no ring)
                     (no ring)

%: no passive effects
@: lethally poisoned (-4 -> -13), gold aura, enlightened, flying, hasted and
slowed
A: almost no armour, amphibious, 8 rings, camouflage 1, gelatinous body 1,
(nimble swimmer 1), tentacles
a: Renounce Religion, Potion Petition, Call Merchant, Bribe Branch


You were on level 6 of the Dungeon.
You worshipped Gozag.
Gozag was noncommittal.
You visited 1 branch of the dungeon, and saw 7 of its levels.

You collected 529 gold pieces.
You paid 490 gold pieces to Gozag.

Inventory:

Hand Weapons
 e - a +0 dagger
 i - a +1 flail of protection
 j - a +0 war axe
 m - a +0 long sword
 n - a +1 quick blade of protection (weapon)
 s - a +0 trident
 v - a +2 short sword of protection
Missiles
 u - 9 poisoned darts
Jewellery
 d - a ring of magical power (left tentacle)
 t - a ring of protection from cold (right tentacle)
Talismans
 g - a blade talisman
Wands
 o - a wand of iceblast (12)
 r - a wand of polymorph (9)
Scrolls
 b - 2 scrolls of poison
Potions
 a - a potion of magic
 c - a potion of enlightenment
 k - 2 potions of ambrosia
 p - a potion of mutation


   Skills:
 + Level 4.0 Fighting
 + Level 4.9 Dodging
 + Level 6.7 Stealth
 + Level 4.4 Spellcasting
 + Level 4.4 Conjurations
 + Level 3.8 Hexes
 + Level 5.3 Fire Magic


You had 6 spell levels left.
You knew the following spells:

 Your Spells              Type           Power      Damage    Failure   Level
a - Foxfire               Conj/Fire      88%        2x1d8     1%          1
b - Scorch                Fire           48%        2d7       2%          2
c - Inner Flame           Hex/Fire       21%        N/A       6%          3
d - Flame Wave            Conj/Fire      22%        2d8       19%         4

Your spell library contained the following spells:

 Spells                   Type           Power      Damage    Failure   Level
 Sting                    Tmut/Pois      16%        1d3       13%         1
 Summon Small Mammal      Summ           16%        N/A       13%         1
 Volatile Blastmotes      Fire/Tloc      28%        2d12      13%         3
 Ignite Poison            Fire/Tmut/Pois 10%        N/A       19%         3
 Summon Guardian Golem    Hex/Summ       11%        N/A       19%         3
 Cigotuvi's Dreadful Rot  Necr/Pois/Air  8%         N/A       21%         2
 Poisonous Vapours        Pois/Air       8%         N/A       21%         2
 Call Canine Familiar     Summ           4%         N/A       36%         3
 Olgreb's Toxic Radiance  Pois           4%         N/A       78%         4
 Freezing Cloud           Conj/Ice/Air   4%         6-21      90%         5


Dungeon Overview and Level Annotations

Branches:
Dungeon (7/15)
 Temple: D:4-7

Altars:
Ashenzari
Elyvilon
Gozag
Kikubaaqudgha
Okawaru
Ru
Uskayaw
Vehumet

Annotations:
D:4 1 runed translucent door, MahsedPotato's ghost, amateur DsAE


Innate Abilities, Weirdness & Mutations

You cannot wear most types of armour.
You are amphibious.
You can wear up to eight rings at the same time.
Your skin changes colour to match your surroundings (Stealth+).
Your rubbery body absorbs attacks. (AC +1, EV +1)
((You are camouflaged when in or above water. (Stealth+)))
You have tentacles for arms and can constrict up to eight enemies at once.


Message History

Press: ? - help, Dir - look around, f - activate A wave of flame ripples out!
The flame wave engulfs the orc.
The orc is heavily wounded.
The flame wave engulfs the kobold brigand!
The kobold brigand is moderately wounded. (Press . to intensify the flame waves.)
You hear a shout!
The orc hits you with a +0 hand axe.
* * * LOW HITPOINT WARNING * * *
An orc comes into view. It is wielding a +0 whip.
The kobold brigand hits you but does no damage.
A wave of flame ripples out!
The flame wave engulfs the orc.
You kill the orc!
The flame wave engulfs the kobold brigand.
The kobold brigand is heavily wounded.
The flame wave engulfs the kobold!
You kill the kobold!
The flame wave engulfs the kobold brigand.
The kobold brigand is lightly wounded.
You hear a shout!
The kobold brigand hits you with a +0 dagger.
* * * LOW HITPOINT WARNING * * *
Okay, then.
Okay, then. [a] - 375 gold - haste and enlightenment [b] - 240 gold - brilliance and magic [c] - 660 gold - haste, heal wounds, resistance and enlightenment Purchase which effect?
You no longer have enough gold to petition Gozag for potion effects.
You feel as though your hastened speed will last longer.
You feel very buoyant.
You fly up into the air.
The kobold brigand closely misses you.
The kobold brigand is distracted by your dazzling golden aura.
The kobold brigand shouts!
The kobold brigand throws a curare-tipped dart.
The curare-tipped dart hits you.
You are lethally poisoned!
You have difficulty breathing.
You die...
Your body crumbles into a pile of gold.

...[... #.............##.
....... #.............###
....... #.............#
....$.. #.............#
.......## #.............#
....$...###.............#
.......oo##.............# #
.......#K##.............# #
.......#K.@.............###
.......####.............#..
####### ##'#######.......
.........#.###.##
.......[...#)# #.#
............#)# #.#
...###........###.# .##
#..._.....##[)#
#.........#..##


You could see 2 kobold brigands and an orc.

Vanquished Creatures
  A kobold demonologist (D:6)
  Grinder (D:6)
  Duvessa (D:7)
  3 ogres
  An ice beast (D:6)
  A centaur (D:6)
  A kobold brigand (D:6)
  2 bullfrogs (D:6)
  5 scorpions
  Dowan (D:7)
  A howler monkey (D:5)
  2 orc priests (D:6)
  A sleepcap (D:4)
  3 orc wizards (D:6)
  3 adders
  3 gnolls (D:6)
  2 white imps (D:6)
  An ufetubus (D:4)
  2 dart slugs
  4 orcs (D:6)
  2 bats (D:1)
  5 endoplasms
  5 giant cockroaches
  4 goblins
  9 hobgoblins
  5 quokkas
  6 ball pythons
  3 frilled lizards
  11 kobolds
  8 rats
97 creatures vanquished.

Vanquished Creatures (others)
  86 foxfires
86 creatures vanquished.

Grand Total: 183 creatures vanquished

Notes
Turn   | Place    | Note
-------+----------+-------------------------------------------
     0 | D:1      | croobank the Octopode Fire Elementalist began the quest for
                  | the Orb.
     0 | D:1      | Reached XP level 1. HP: 11/11 MP: 3/3
   238 | D:1      | Reached XP level 2. HP: 15/17 MP: 5/5
   248 | D:1      | Reached skill level 3 in Stealth
   335 | D:1      | Learned a level 2 spell: Scorch
   955 | D:1      | Reached XP level 3. HP: 15/21 MP: 6/6
  1295 | D:2      | Found a sacrificial altar of Ru.
  1340 | D:2      | Learned a level 3 spell: Inner Flame
  2240 | D:3      | Reached XP level 4. HP: 27/27 MP: 7/7
  3251 | D:4      | Reached XP level 5. HP: 25/32 MP: 8/8
  3392 | D:4      | Found a runed translucent door.
  3394 | D:4      | Noticed MahsedPotato's ghost (amateur DsAE)
  3536 | D:5      | Entered Level 5 of the Dungeon
  3604 | D:5      | Found a white marble altar of Elyvilon.
  3617 | D:5      | Found an ancient bone altar of Kikubaaqudgha.
  3773 | D:5      | Reached skill level 1 in Fighting
  3773 | D:5      | Reached skill level 4 in Stealth
  3773 | D:5      | Reached skill level 1 in Hexes
  3880 | D:5      | Reached XP level 6. HP: 38/38 MP: 10/10
  4299 | D:6      | Found an iron altar of Okawaru.
  4387 | D:6      | Found an opulent altar of Gozag.
  4390 | D:6      | Found a broken altar of Ashenzari.
  4392 | D:6      | Found a radiant altar of Vehumet.
  4395 | D:6      | Became a worshipper of Gozag Ym Sagoz the Greedy
  4396 | D:6      | Found a hide-covered altar of Uskayaw.
  4440 | D:6      | Learned a level 4 spell: Flame Wave
  4452 | D:6      | Noticed a kobold demonologist
  4489 | D:6      | Reached XP level 7. HP: 32/45 MP: 11/11
  4495 | D:7      | Noticed Duvessa
  4495 | D:7      | Noticed Dowan
  4499 | D:7      | Killed Dowan
  4511 | D:7      | Killed Duvessa
  4512 | D:7      | Reached skill level 5 in Stealth
  4788 | D:6      | Reached XP level 8. HP: 46/51 MP: 13/13
  4962 | D:6      | Noticed Grinder
  4982 | D:6      | Reached skill level 6 in Stealth
  4983 | D:6      | Killed Grinder
  4984 | D:6      | Reached skill level 5 in Fire Magic
  5413 | D:6      | Killed a kobold demonologist
  5414 | D:6      | Reached XP level 9. HP: 8/58 MP: 15/15
  5417 | D:6      | Asphyxiated

Illustrated notes

Levels and vault maps discovered:
D:1:      minmay_arrival_doors, layout_loops_cross
D:2:      layout_basic, basic_altar
D:3:      layout_rooms
D:4:      layout_loops_ring, ebering_ghost_reflecting_pool
D:5:      layout_loops_ring, amcnicky_altar_gilded, elyvilon_altar_3
D:6:      layout_basic, grunt_temple_overflow_open, uniq_grinder
D:7:      layout_cave_pools, minmay_temple_entry_poolview,
          nicolae_lava_and_water, kennysheep_generic_room_10, uniq_duvessa,
          uniq_jeremiah, uniq_prince_ribbit1, uniq_maggie

Skill      XL: |  1  2  3  4  5  6  7  8 |
---------------+-------------------------+-----
Stealth        | 3 4 5 6 |  6.7
Conjurations   | 2 3 4 |  4.4
Fighting       | 1 2 4 |  4.0
Hexes          | 1 2 3 |  3.8
Dodging        | 3 4 |  4.9
Spellcasting   | 3 4 |  4.4
Fire Magic     | 4 5 |  5.3

Action                     |  1- 3 |  4- 6 |  7- 9 || total
---------------------------+-------+-------+-------++-------
  Melee: Unarmed           |    26 |       |       ||    26
         Constrict         |    15 |    13 |    11 ||    39
         Tentacles         |     4 |    19 |    23 ||    46
         Dagger            |    32 |     8 |       ||    40
         Punch             |     1 |     1 |     3 ||     5
         Quick blade       |       |    63 |    44 ||   107
   Cast: Foxfire           |    28 |    14 |    14 ||    56
         Scorch            |    18 |    16 |    29 ||    63
         Flame Wave        |       |       |     3 ||     3
 Invoke: Potion Petition   |       |       |     1 ||     1
  Evoke: Wand              |       |       |     5 ||     5
    Use: Scroll            |       |     9 |     3 ||    12
         Potion            |       |       |     4 ||     4
   Stab: Sleeping          |     9 |     9 |     3 ||    21
 Armour: Skin              |    31 |    25 |    44 ||   100
  Dodge: Dodged            |    40 |    26 |    44 ||   110

Table legend: (Time is in decaauts)
 A = Elapsed time spent in this place.
 B = Non-inter-level travel time spent in this place.
 C = Inter-level travel time spent in this place.
 D = Time resting spent in this place.
 E = Time spent auto-exploring this place.
 F = Levels seen in this place.
 G = Mean time per level.
                   A        B        C        D        E       F      G
               +--------+--------+--------+--------+--------+-----+--------+
         Total |   5428 |   5231 |    197 |   1072 |   3184 |   7 |  775.4 |
       Dungeon |   5428 |   5231 |    197 |   1072 |   3184 |   7 |  775.4 |
               +--------+--------+--------+--------+--------+-----+--------+

Top non-repeatable levels by time:
     D:1: 1152 daAuts
     D:6: 1040 daAuts
     D:2: 957 daAuts
     D:4: 868 daAuts
     D:5: 693 daAuts
     D:3: 558 daAuts
     D:7: 157 daAuts
